 Dungeon Crawl Stone Soup version 0.23.2 (webtiles) character file.

Game seed: 5612694995881413503

3507 Joat the Blocker (level 10, 0/66 HPs)
             Began as a Gargoyle Fighter on Apr 9, 2019.
             Was a Believer of Elyvilon.
             Killed by divine providence
             ... invoked by an orc priest
              (10 damage)
             ... on level 7 of the Dungeon.
             The game lasted 00:40:18 (5927 turns).

Joat the Blocker (Gargoyle Fighter)                 Turns: 5927, Time: 00:40:19

Health: 0/66       AC: 12    Str: 23    XL:     10   Next: 7%
Magic:  6/13       EV:  6    Int: 12    God:    Elyvilon [**....]
Gold:   318        SH:  0    Dex: 17    Spells: 9/9 levels left

rFire    + . .     SeeInvis .   a - +1 hand axe (venom)
rCold    + . .     Gourm    .   c - +1 shield
rNeg     + + .     Faith    .   i - +0 robe "Beotivew" {rN+ Str+4 Dex+3 Slay+3}
rPois    ∞         Spirit   .   m - +0 helmet
rElec    +         Reflect  .   (no cloak)
rCorr    +         Harm     .   J - +0 pair of gloves
MR       +....                  w - +0 pair of boots
Stlth    ++........             (no amulet)
HPRegen  0.21/turn              y - ring of protection from magic
MPRegen  0.13/turn              A - +4 ring of dexterity

@: resistant, marked, held
A: negative energy resistance 1, electricity resistance, unbreathing,
petrification resistance, rot immunity, AC +7
a: Lesser Healing, Heal Other, Divine Protection, Renounce Religion


You were on level 7 of the Dungeon.
You worshipped Elyvilon.
Elyvilon was pleased with you.
You were not hungry.

You visited 1 branch of the dungeon, and saw 7 of its levels.
You also visited: Sewer.

You collected 318 gold pieces.

Inventory:

Hand Weapons
 a - a +1 hand axe of venom (weapon)
 b - a +1 flail of holy wrath
 C - the +9 quarterstaff "Nedwejog" {venom, *Drain +Blink Int+4, unknown}
   (You found it on level 5 of the Dungeon)

   It poisons the flesh of those it strikes.
   It affects your intelligence (+4).
   It lets you blink.
   It causes draining when unequipped.
 G - a +3 long sword
 I - a +1 trident of venom
Missiles
 f - a throwing net (quivered)
Armour
 c - a +1 shield (worn)
 d - a +1 troll leather armour {Purgy}
 i - the +0 robe "Beotivew" (worn) {rN+ Str+4 Dex+3 Slay+3}
   (You found it on level 5 of the Dungeon)

   It affects your strength (+4).
   It affects your dexterity (+3).
   It affects your accuracy and damage with ranged weapons and melee attacks
   (+3).
   It protects you from negative energy.
 m - a +0 helmet (worn)
 n - a +0 chain mail
 w - a +0 pair of boots (worn)
 J - a +0 pair of gloves (worn)
Jewellery
 l - an uncursed ring of see invisible
 v - an uncursed ring of positive energy
 y - a ring of protection from magic (left hand)
 A - a +4 ring of dexterity (right hand)
 B - a +4 ring of intelligence
Wands
 h - a wand of random effects (9)
 t - a wand of digging (12)
 K - a wand of paralysis (8)
Scrolls
 k - 5 scrolls of teleportation
 r - 3 scrolls of remove curse
 z - a scroll of magic mapping {unknown}
 D - a scroll of fog {unknown}
 F - a scroll of amnesia {unknown}
Potions
 e - a potion of might
 g - a potion of lignification
 j - a potion of heal wounds
 o - 3 potions of flight
 p - 2 potions of resistance
 q - a potion of haste
 s - 3 potions of cancellation
 x - a potion of brilliance
Comestibles
 E - 15 rations
 H - 10 chunks of flesh


   Skills:
 - Level 9.1 Fighting
   Level 2.2 Short Blades
 - Level 3.4(4.0) Axes
 - Level 3.3(4.2) Maces & Flails
 - Level 3.4 Armour
 - Level 3.0 Dodging
 * Level 9.8 Shields
 * Level 4.5 Invocations


You had 9 spell levels left.
You didn't know any spells.
Your spell library was empty.

Dungeon Overview and Level Annotations

Branches:
Dungeon (7/15)
 Temple: D:4-7

Altars:
Ashenzari
Elyvilon
Hepliaklqana
Uskayaw


Innate Abilities, Weirdness & Mutations

You are resistant to torment.
Your stone body is resilient. (AC +7)
You are immune to poison.
You resist negative energy. (rN+)
You are resistant to electric shocks. (rElec)
You can survive without breathing.
You are immune to petrification.
You are immune to rotting.


Message History

* * * LOW HITPOINT WARNING * * *
You are healed.
You feel somewhat more hungry.
You kill Harold!
Harold looks down at his mortal wounds and cries, "But... this was my last day before retirement..."
Your Invocations skill gained 2 levels and is now at level 4!
You have reached level 10!
An orc priest comes into view.
You are healed.
You feel somewhat more hungry.
The orc priest looks braver for a moment.
The worker ant bites you but does no damage.
You struggle against the net.
The worker ant bites you.
The orc priest calls down the wrath of Beogh upon you.
Beogh smites you!
* * * LOW HITPOINT WARNING * * *
An orc priest comes into view. It is wielding a +0 flail.
You are healed.
You feel somewhat more hungry. The worker ant bites you.
* * * LOW HITPOINT WARNING * * *
The orc priest calls down the wrath of Beogh upon you.
Beogh smites you!
You die...

#.. ..######..##<.##
##..######..## ##).##..##
#..Fo$........ #........+
#..!......a... #........#
#.....h....... #........#
#..<.......... #........#
#....s?....... .#........#
#o# #####..###(######
##)###@.##..###)#######
#.Fooa...o......†......
#......................
#########.##.######.###.#
##.###.###.##.##########.#
#....#........#....#.).(..
#....'...)....'....'.)....
##########################


You could see an orc warrior, a bullfrog, a worker ant and 2 orc priests.

Vanquished Creatures
  Harold (D:7)
  Pikel (D:6)
  A gargoyle (D:7)
  Edmund (D:5)
  Purgy (Sewer)
  A sky beast (D:5)
  3 phantoms
  2 slaves (D:6)
  An orc warrior (D:6)
  An ogre (D:6)
  A centaur (D:6)
  Blork the orc (D:6)
  A big kobold (D:7)
  2 scorpions (D:4)
  A crimson imp (D:5)
  4 hounds
  A bullfrog zombie (D:6)
  3 orc priests
  3 bullfrog skeletons
  A jelly (D:7)
  An iguana (D:5)
  Terence (D:3)
  7 orc wizards
  Ijyb (D:3)
  5 worker ants
  A worker ant zombie (D:6)
  4 gnolls (D:4)
  2 river rats (D:3)
  11 adders
  An ooze (D:5)
  5 worms
  2 dart slugs (D:2)
  4 leopard geckos
  15 orcs
  4 ball pythons
  7 bats
  7 giant cockroaches
  5 goblins
  9 hobgoblins
  8 jackals
  2 quokkas
  4 frilled lizards
  13 kobolds
  A leopard gecko zombie (D:7)
  A quokka skeleton (D:4)
  14 rats
166 creatures vanquished.

Vanquished Creatures (others)
  A phantom (D:6)
1 creature vanquished.

Grand Total: 167 creatures vanquished

Notes
Turn   | Place    | Note
-------+----------+-------------------------------------------
     0 | D:1      | Joat the Gargoyle Fighter began the quest for the Orb.
     0 | D:1      | Reached XP level 1. HP: 14/14 MP: 1/1
   310 | D:1      | Reached XP level 2. HP: 19/19 MP: 2/2
   322 | D:1      | Reached skill level 1 in Short Blades
   812 | D:2      | Reached XP level 3. HP: 23/23 MP: 3/3
  1020 | D:2      | Reached XP level 4. HP: 11/29 MP: 4/4
  1239 | D:2      | You fall through a shaft!
  1239 | D:3      | Noticed Ijyb
  1250 | D:3      | Killed Ijyb
  1308 | D:3      | Reached XP level 5. HP: 34/34 MP: 5/5
  1378 | D:3      | Found a faded altar of an unknown god.
  1446 | D:3      | Noticed Terence
  1497 | D:3      | Killed Terence
  1584 | D:3      | Found a glowing drain.
  1627 | Sewer    | Entered a sewer
  1735 | Sewer    | Noticed Purgy
  1774 | Sewer    | Killed Purgy
  1774 | Sewer    | Reached skill level 5 in Fighting
  1774 | Sewer    | Reached skill level 5 in Shields
  1774 | Sewer    | Reached XP level 6. HP: 15/40 MP: 6/6
  2165 | D:3      | Found a shattered altar of Ashenzari.
  2521 | D:2      | Reached skill level 1 in Dodging
  3000 | D:4      | Noticed a phantom
  3010 | D:4      | Reached XP level 7. HP: 40/45 MP: 7/7
  3397 | D:4      | Reached skill level 1 in Maces & Flails
  3397 | D:4      | Reached XP level 8. HP: 53/53 MP: 8/8
  3640 | D:5      | Entered Level 5 of the Dungeon
  3750 | D:5      | Found a white marble altar of Elyvilon.
  3757 | D:5      | Became a worshipper of Elyvilon the Healer
  3780 | D:5      | Found a hide-covered altar of Uskayaw.
  3795 | D:5      | Found a shattered altar of Ashenzari.
  3796 | D:5      | Found a hazy altar of Hepliaklqana.
  3959 | D:5      | Got a transparent robe
  3970 | D:5      | Identified the cursed +0 robe "Beotivew" {rN+ Str+4 Dex+3
                  | Slay+3} (You found it on level 5 of the Dungeon)
  4112 | D:5      | Got a smoking quarterstaff
  4336 | D:5      | Reached * piety under Elyvilon
  4546 | D:5      | Noticed Edmund
  4556 | D:5      | Killed Edmund
  4616 | D:6      | Noticed Pikel
  5008 | D:6      | Reached XP level 9. HP: 54/59 MP: 9/9
  5096 | D:6      | Noticed Blork the orc
  5116 | D:6      | Killed Pikel
  5129 | D:6      | Killed Blork the orc
  5439 | D:6      | Reached ** piety under Elyvilon
  5814 | D:7      | Reached skill level 1 in Invocations
  5889 | D:7      | Noticed a gargoyle
  5895 | D:7      | Noticed Harold
  5902 | D:7      | Killed a gargoyle
  5924 | D:7      | Killed Harold
  5924 | D:7      | Reached XP level 10. HP: 13/66 MP: 8/13
  5927 | D:7      | Killed from afar by an orc priest

Skill      XL: |  1  2  3  4  5  6  7  8  9 |
---------------+----------------------------+-----
Short Blades   | 1 2 |  2.2
Shields        | 4 5 7 8 9 |  9.8
Fighting       | 4 5 7 8 9 |  9.1
Dodging        | 1 2 3 |  3.0
Axes           | 2 3 |  3.4
Maces & Flails | 1 3 |  3.3
Invocations    | 4 |  4.5
Armour         | |  3.4

Action                   |  1- 3 |  4- 6 |  7- 9 | 10-12 || total
-------------------------+-------+-------+-------+-------++-------
Melee: Dagger            |   132 |    37 |       |       ||   169
       War axe           |     5 |       |       |       ||     5
       Long sword        |       |   236 |       |       ||   236
       Hand axe          |       |    41 |   263 |       ||   304
       Flail             |       |       |    40 |       ||    40
Invok: Lesser Healing    |       |       |     2 |     2 ||     4
Evoke: Wand              |       |     2 |    12 |       ||    14
  Use: Scroll            |       |     8 |     5 |       ||    13
       Potion            |       |     7 |     2 |       ||     9
 Stab: Invisible         |       |     2 |       |       ||     2
       Paralysed         |       |     2 |       |       ||     2
  Eat: Chunk             |       |     8 |     7 |       ||    15
       Ration            |       |       |     1 |       ||     1
Armor: Scale mail        |    48 |       |       |       ||    48
       Chain mail        |    10 |   181 |       |       ||   191
       Troll leather arm |       |    41 |    71 |       ||   112
       Robe              |       |       |    35 |     1 ||    36
Dodge: Dodged            |    35 |   111 |    84 |       ||   230
Block: Shield            |    49 |   247 |   171 |       ||   467
       Rpst.: Long sword |       |    26 |       |       ||    26
